[Event "Titled Tuesday Blitz October 11 Early 2022"]
[White "Matveeva, Olga"]
[Black "Rosh Jain"]
[WhiteFideId "24107018"]
[BlackFideId "25789465"]
[WhiteElo "2055"]
[BlackElo "2233"]
[Result "1-0"]
[Round "10"]
[TimeControl "180+1"]
[Date "2022.10.12"]
[WhiteClock "0:00:54"]
[BlackClock "0:00:11"]

1. d4 Nf6 2. c4 e6 3. g3 d5 4. Nf3 dxc4 5. Bg2 Nc6 6. O-O Be7 7. e3 O-O 8. Nbd2 Na5 9. Qc2 b6 10. Nxc4 Nxc4 11. Qxc4 a5 12. Ne5 Ba6 13. Qc2 Bxf1 14. Nc6 Qd7 15. Nxe7+ Qxe7 16. Bxa8 Rxa8 17. Kxf1 e5 18. dxe5 Qxe5 19. Bd2 Rd8 20. Bc3 Qd5 21. Bxf6 Qh1+ 22. Ke2 Qxa1 23. Bxd8 Qxa2 24. Bxc7 Qe6 25. Bxb6 h6 26. Bd4 Qg4+ 27. Kf1 Qf3 28. Kg1 Qb7 29. h4 g6 30. Bc3 Qd5 31. Qd2 Qxd2 32. Bxd2 a4 33. Kf1 h5 34. Ke2 f5 35. Kd3 Kf7 36. Kc4 Ke6 37. Kb4 Kd5 38. Kxa4 Ke4 39. b4 Kf3 40. b5 Kxf2 41. b6 Kxg3 42. Be1+ Kf3 43. b7 Kxe3 44. b8=Q Ke2 45. Qe5+ Kf1 46. Qg3 Ke2 47. Ba5 g5 48. hxg5 h4 49. Qxh4 f4 50. Qxf4 Kd3 51. Bb6 Ke2 52. Qe3+ Kd1 53. Qf2 Kc1 54. Bd4 Kb1 55. Qb2# 1-0


[Site "https://www.chess.com"]

[Event "Titled Tuesday Blitz October 11 Early 2022"]
[White "Melikhov, Evgeny V."]
[Black "Clawitter, Craig"]
[WhiteFideId "4122046"]
[BlackFideId "2023105"]
[WhiteElo "2169"]
[BlackElo "2286"]
[Result "1-0"]
[Round "10"]
[TimeControl "180+1"]
[Date "2022.10.12"]
[WhiteClock "0:00:29"]
[BlackClock "0:00:10"]

1. d4 e6 2. c4 Nf6 3. Nc3 d5 4. cxd5 exd5 5. Bg5 c6 6. Qc2 Be7 7. e3 Nbd7 8. Bd3 O-O 9. Nf3 Re8 10. O-O Nf8 11. h3 g6 12. Ne5 Ne6 13. Bh6 Ng7 14. Rab1 Bf5 15. b4 Bxd3 16. Qxd3 Nf5 17. Bf4 a6 18. a4 Nd6 19. b5 cxb5 20. axb5 a5 21. Na4 Nfe4 22. f3 Ng5 23. Qb3 Nf5 24. Nc5 Bxc5 25. dxc5 Ne6 26. c6 Nxf4 27. exf4 Qb6+ 28. Kh2 bxc6 29. bxc6 Qd4 30. Nd3 Re3 31. Rfd1 a4 32. Qb6 Rxd3 33. Rxd3 Qxd3 34. c7 Qd4 35. Qxd4 Nxd4 36. Rb8+ Kg7 37. Rxa8 1-0


[Site "https://www.chess.com"]

[Event "Titled Tuesday Blitz October 11 Early 2022"]
[White "Mikhailovsky, Vladimir"]
[Black "Stribuk, Artiom"]
[WhiteFideId "34105414"]
[BlackFideId "13515659"]
[WhiteElo "2297"]
[BlackElo "2279"]
[Result "0-1"]
[Round "10"]
[TimeControl "180+1"]
[Date "2022.10.11"]
[WhiteClock "0:00:06"]
[BlackClock "0:00:14"]

1. e4 c5 2. c3 Nf6 3. e5 Nd5 4. d4 cxd4 5. Nf3 d6 6. Bc4 e6 7. O-O Be7 8. cxd4 O-O 9. Bd2 Bd7 10. Nc3 Nxc3 11. Bxc3 Bc6 12. Qe2 Bxf3 13. Qxf3 d5 14. Bd3 Nc6 15. Rfd1 Rc8 16. Qe3 Bb4 17. Rac1 Qb6 18. Bb1 Bxc3 19. Qxc3 g6 20. Qd2 Nxd4 21. h4 Rxc1 22. Rxc1 Nc6 23. Re1 Qd4 24. Qg5 f6 25. exf6 Qxf6 26. Qg3 e5 27. h5 Kg7 28. hxg6 hxg6 29. Rd1 Nd4 30. Qe3 Qf4 31. Qe1 Rh8 32. g3 Nf3+ 33. Kg2 Rh2+ 34. Kf1 Rh1+ 35. Kg2 Rxe1 36. gxf4 Rxd1 0-1


[Site "https://www.chess.com"]

[Event "Titled Tuesday Blitz October 11 Early 2022"]
[White "Mills, Morgen"]
[Black "Ismayil, Malak"]
[WhiteFideId "2013304"]
[BlackFideId "13412604"]
[WhiteElo "2196"]
[BlackElo "1879"]
[Result "1-0"]
[Round "10"]
[TimeControl "180+1"]
[Date "2022.10.12"]
[WhiteClock "0:00:22"]
[BlackClock "0:00:08"]

1. e4 e5 2. Nf3 Nc6 3. Bb5 a6 4. Bxc6 dxc6 5. O-O Bd6 6. d4 Qe7 7. dxe5 Bxe5 8. Nxe5 Qxe5 9. Nc3 Nf6 10. Qf3 O-O 11. Bf4 Qe7 12. h3 h6 13. Rfe1 Be6 14. Be5 Nd7 15. Bxc7 Rac8 16. Qg3 Rfe8 17. Bd6 Qf6 18. e5 Qf5 19. Ne4 Bd5 20. Nc3 Qxc2 21. Re2 Qf5 22. Nxd5 cxd5 23. Rd1 Nb6 24. b3 Rc2 25. Qe3 Rxe2 26. Qxe2 Nd7 27. Rxd5 Qe6 28. Qd2 Rc8 29. f4 Qf5 30. Rd3 Nb6 31. Kh2 Rc6 32. Rc3 Rxc3 33. Qxc3 Qxf4+ 34. Qg3 Qxg3+ 35. Kxg3 Nd5 36. Kf3 Nc3 37. a3 Nb1 38. Ke3 Nc3 39. Kd3 Nd5 40. g3 Nb6 41. Kd4 Nd7 42. Kd5 Kh7 43. Bc7 Kg6 44. Kd6 Nf8 45. g4 Ne6 46. Bb6 Kg5 47. Bf2 Nf4 48. Be3 h5 49. gxh5 Kf5 50. Bxf4 Kxf4 51. e6 fxe6 52. Kxe6 Kg5 53. Kf7 Kh6 54. a4 a5 55. Kg8 b6 56. Kf7 Kxh5 57. Kxg7 Kh4 58. Kf6 Kxh3 59. Ke6 Kg4 60. Kd6 Kf4 61. Kc6 Ke4 62. Kxb6 Kd4 63. Kxa5 Kc3 64. b4 Kc4 65. b5 1-0


[Site "https://www.chess.com"]

[Event "Titled Tuesday Blitz October 11 Early 2022"]
[White "Mindlin, Alon"]
[Black "Shimanov, Aleksandr"]
[WhiteFideId "2800071"]
[BlackFideId "4198603"]
[WhiteElo "2417"]
[BlackElo "2605"]
[Result "0-1"]
[Round "10"]
[TimeControl "180+1"]
[Date "2022.10.11"]
[WhiteClock "0:01:20"]
[BlackClock "0:00:29"]

1. d4 d5 2. c4 e6 3. Nc3 c5 4. cxd5 cxd4 5. Qa4+ Bd7 6. Qxd4 exd5 7. Qxd5 Nf6 8. Qd1 Bc5 9. Nf3 O-O 10. e3 Qe7 11. Be2 Rd8 12. O-O Nc6 13. a3 Ne5 14. b4 Bc6 15. Nd4 Bb6 16. Nxc6 Nxc6 17. Qb3 Qe5 18. Bb2 Rd2 19. Rad1 Rad8 20. Rxd2 Rxd2 21. Rd1 Bxe3 22. fxe3 Qxe3+ 23. Kh1 Rxe2 24. Rf1 Re1 25. Qc4 Qf2 0-1


[Site "https://www.chess.com"]

[Event "Titled Tuesday Blitz October 11 Early 2022"]
[White "Minko, Dmitry"]
[Black "Haukenfrers, Dale"]
[WhiteFideId "24188468"]
[BlackFideId "2603780"]
[WhiteElo "2147"]
[BlackElo "1970"]
[Result "1-0"]
[Round "10"]
[TimeControl "180+1"]
[Date "2022.10.12"]
[WhiteClock "0:00:15"]
[BlackClock "0:01:41"]

1. e4 c6 2. d4 d6 3. Nc3 Nf6 4. f4 Qa5 5. Bd3 e5 6. Nf3 exd4 7. Nxd4 Qc7 8. Be3 Be7 9. h3 O-O 10. Qd2 b5 11. O-O-O b4 12. Nce2 c5 13. Nb5 Qc6 14. e5 Nfd7 15. Nxd6 Bxd6 16. exd6 Nf6 17. c4 bxc3 18. Nxc3 Ba6 19. g4 Bxd3 20. Qxd3 Na6 21. a3 Rad8 22. g5 c4 23. Qd4 Nd7 24. Nd5 Kh8 25. Ne7 Qa4 26. Bd2 Nac5 27. Kb1 Rb8 28. Bc3 Qxa3 29. Qxg7# 1-0


[Site "https://www.chess.com"]

[Event "Titled Tuesday Blitz October 11 Early 2022"]
[White "Mirzoev, Azer"]
[Black "Shvedova, Alexandra"]
[WhiteFideId "13400304"]
[BlackFideId "54154782"]
[WhiteElo "2525"]
[BlackElo "2090"]
[Result "1/2-1/2"]
[Round "10"]
[TimeControl "180+1"]
[Date "2022.10.12"]
[WhiteClock "0:00:14"]
[BlackClock "0:02:07"]

1. c4 Nf6 2. Nc3 e6 3. d4 d5 4. Nf3 dxc4 5. e3 a6 6. a4 b6 7. Bxc4 Bb7 8. O-O Nbd7 9. Qe2 c5 10. Rd1 Be7 11. d5 exd5 12. Nxd5 Nxd5 13. Bxd5 Bxd5 14. Rxd5 Qc7 15. e4 O-O 16. Bg5 Bxg5 17. Nxg5 Nf6 18. Rf5 Rfe8 19. e5 Re7 20. h4 Rae8 21. Re1 h6 22. Nf3 Nd7 23. Qxa6 Nxe5 24. Rfxe5 Rxe5 25. Rxe5 Rxe5 26. Nxe5 Qxe5 27. Qxb6 Qe1+ 28. Kh2 Qxf2 29. Kh3 Qf5+ 30. Kg3 Qd3+ 31. Kh2 Qd4 32. a5 Qxh4+ 33. Kg1 Qe1+ 34. Kh2 Qe5+ 35. Kg1 Qe1+ 36. Kh2 Qh4+ 37. Kg1 Qe1+ 1/2-1/2


[Site "https://www.chess.com"]

[Event "Titled Tuesday Blitz October 11 Early 2022"]
[White "Molina, Roberto Junio Brito"]
[Black "Arabidze, Meri"]
[WhiteFideId "2109450"]
[BlackFideId "13604040"]
[WhiteElo "2388"]
[BlackElo "2403"]
[Result "0-1"]
[Round "10"]
[TimeControl "180+1"]
[Date "2022.10.11"]
[WhiteClock "0:00:15"]
[BlackClock "0:00:13"]

1. d4 d5 2. e3 Nf6 3. Nf3 c6 4. Be2 Bf5 5. O-O e6 6. Bd3 Bd6 7. Bxf5 exf5 8. c4 dxc4 9. Qc2 g6 10. Qxc4 O-O 11. b3 Nbd7 12. Ba3 Nb6 13. Qc1 Bxa3 14. Qxa3 Nbd5 15. Nbd2 Ne4 16. Nc4 a5 17. Nce5 Ndc3 18. Qb2 f6 19. Nd3 Nd5 20. Rac1 Qe7 21. Nc5 Rfe8 22. Rfe1 Kg7 23. g3 h5 24. h4 Kh7 25. Nd2 g5 26. Nf3 Rg8 27. hxg5 fxg5 28. Ne5 Ndf6 29. Qc2 Kg7 30. Kg2 Nxc5 31. Qxc5 Qxc5 32. Rxc5 Ne4 33. Rc2 h4 34. gxh4 gxh4 35. Rh1 Kf6+ 36. Kf3 h3 37. Kf4 Rh8 38. f3 Rh4+ 39. Ng4+ fxg4 40. Kxe4 g3+ 41. f4 g2 42. Rg1 h2 43. Rcxg2 hxg1=Q 44. Rxg1 Re8+ 45. Kd3 Rh3 46. Re1 Kf5 47. Re2 b5 48. a3 Rf3 49. Re1 b4 50. axb4 axb4 51. Re2 Rh3 52. Re1 Re4 53. Re2 Rxf4 54. Kc4 Rff3 55. e4+ Ke6 56. d5+ cxd5+ 57. exd5+ Kd6 58. Rb2 Rf4+ 59. Kb5 Kxd5 60. Ka4 Rh8 61. Rd2+ Rd4 62. Rg2 Ra8+ 63. Kb5 Ra3 64. Rg3 Re4 65. Rh3 Ke5 66. Kc5 Ra1 67. Rh5+ Ke6 68. Rh6+ Kf5 69. Rh3 Rc1+ 70. Kb5 Rc3 71. Rh5+ Kg6 72. Rh4 Rxh4 0-1


[Site "https://www.chess.com"]

[Event "Titled Tuesday Blitz October 11 Early 2022"]
[White "Moreno Perez, Tobias Sebastian"]
[Black "Johnson, Ben"]
[WhiteFideId "186716"]
[BlackFideId "2010917"]
[WhiteElo "2470"]
[BlackElo "2227"]
[Result "1-0"]
[Round "10"]
[TimeControl "180+1"]
[Date "2022.10.12"]
[WhiteClock "0:00:25"]
[BlackClock "0:00:08"]

1. Nf3 d5 2. c4 e6 3. g3 Nf6 4. Bg2 dxc4 5. O-O Nc6 6. Na3 Be7 7. Nxc4 O-O 8. d4 Ne4 9. Nfe5 Nxe5 10. Nxe5 Nd6 11. b3 c6 12. Bb2 Bd7 13. e4 Be8 14. Rc1 f6 15. Nd3 Bg6 16. Nc5 Qc8 17. e5 Nb5 18. exf6 Bxf6 19. Re1 Bf7 20. Bh3 Re8 21. Ne4 Qd8 22. a4 Nd6 23. Nxf6+ Qxf6 24. Qe2 Qh6 25. Bg2 Nf5 26. Qe5 Rad8 27. Be4 Nd6 28. Bc2 Bg6 29. Bxg6 Qxg6 30. Re2 Nf5 31. Rce1 Rd5 32. Qe4 Nd6 33. Qf4 Rf8 34. Qc1 Rf6 35. Ba3 Nf5 36. Qf4 Nxd4 37. Qb8+ Rf8 38. Qxf8# 1-0


[Site "https://www.chess.com"]

[Event "Titled Tuesday Blitz October 11 Early 2022"]
[White "Mrudul Dehankar"]
[Black "Petesch, Gabriel"]
[WhiteFideId "25096990"]
[BlackFideId "2032465"]
[WhiteElo "2068"]
[BlackElo "2374"]
[Result "1-0"]
[Round "10"]
[TimeControl "180+1"]
[Date "2022.10.12"]
[WhiteClock "0:00:40"]
[BlackClock "0:00:02"]

1. e4 c6 2. d4 e6 3. Nd2 Be7 4. Ngf3 Nf6 5. e5 Nd5 6. c4 Nc7 7. Ne4 d5 8. exd6 Bxd6 9. Nxd6+ Qxd6 10. Bd3 c5 11. Be3 cxd4 12. Bxd4 f6 13. O-O Nc6 14. Bc3 Qe7 15. Re1 e5 16. Nd2 Be6 17. Qa4 O-O 18. b4 Rfd8 19. Be4 Bd7 20. b5 Ne6 21. bxc6 Bxc6 22. Bxc6 bxc6 23. Qxc6 Rac8 24. Qf3 Qa3 25. Ne4 Rxc4 26. Qg4 Nf4 27. Nxf6+ Kh8 28. Bxe5 Nd5 29. Qxc4 Nxf6 30. Bxf6 gxf6 31. Rad1 Rg8 32. Re3 Qb2 33. Rg3 Rf8 34. Qe4 Qxa2 35. Rh3 Qf7 36. Qf5 Re8 37. Rhd3 Qe7 38. h4 a6 39. Rd7 Qe1+ 40. Rxe1 Rxe1+ 41. Kh2 1-0


[Site "https://www.chess.com"]

[Event "Titled Tuesday Blitz October 11 Early 2022"]
[White "Munkhgal, Gombosuren"]
[Black "Makhnev, Denis"]
[WhiteFideId "4901266"]
[BlackFideId "13707647"]
[WhiteElo "2576"]
[BlackElo "2486"]
[Result "0-1"]
[Round "10"]
[TimeControl "180+1"]
[Date "2022.10.11"]
[WhiteClock "0:00:01"]
[BlackClock "0:00:16"]

1. d4 Nf6 2. Bf4 d5 3. e3 e6 4. Nf3 c5 5. c3 Nc6 6. Nbd2 Nh5 7. Be5 f6 8. Bg3 g6 9. Bd3 cxd4 10. exd4 Bh6 11. O-O O-O 12. Qc2 Kg7 13. Rae1 Nxg3 14. hxg3 Bd7 15. Kh2 Rc8 16. Qb1 Qc7 17. Nb3 b6 18. Rh1 e5 19. dxe5 fxe5 20. Ba6 Rce8 21. Kg1 e4 22. Nfd4 Ne5 23. Be2 a5 24. Qd1 a4 25. Na1 a3 26. bxa3 Qxc3 27. Nac2 Nd3 28. Rf1 Ba4 29. Bg4 Rf6 30. Qe2 Bg5 31. Nb3 Ne5 32. Ncd4 Qd3 33. Qxd3 Nxd3 34. Be2 Nxf2 35. Rh4 Bxh4 36. gxh4 Nd3 37. Rd1 Nc5 38. Rc1 Nd3 39. Rc7+ Rf7 40. Rc3 Nf4 41. Bg4 h5 42. Bd1 e3 43. Bf3 e2 44. Nxe2 Nxe2+ 0-1


[Site "https://www.chess.com"]

[Event "Titled Tuesday Blitz October 11 Early 2022"]
[White "Omariev, Maksim"]
[Black "Makhmudov, Shukhrat"]
[WhiteFideId "4193423"]
[BlackFideId "14200775"]
[WhiteElo "2415"]
[BlackElo "2135"]
[Result "0-1"]
[Round "10"]
[TimeControl "180+1"]
[Date "2022.10.12"]
[WhiteClock "0:00:10"]
[BlackClock "0:01:10"]

1. e4 e5 2. Nf3 Nc6 3. Bb5 a6 4. Ba4 Nf6 5. O-O b5 6. Bb3 Be7 7. Re1 O-O 8. h3 d6 9. c3 Na5 10. Bc2 c5 11. d4 Qc7 12. Nbd2 cxd4 13. cxd4 exd4 14. Nxd4 Rd8 15. b4 Nc4 16. Nxc4 bxc4 17. Bf4 Qb6 18. a3 d5 19. Nf5 Bxf5 20. exf5 Bf8 21. g4 d4 22. g5 Nd5 23. Be5 d3 24. Ba4 f6 25. gxf6 Nxf6 26. Qf3 Rac8 27. Kh1 Kh8 28. Rg1 Bd6 29. Bc3 Bb8 30. Rg5 Qd6 31. Rag1 Qh2# 0-1


[Site "https://www.chess.com"]

[Event "Titled Tuesday Blitz October 11 Early 2022"]
[White "Osiecki, Stanislaw"]
[Black "Glavina, Pablo"]
[WhiteFideId "1102990"]
[BlackFideId "100234"]
[WhiteElo "2088"]
[BlackElo "2351"]
[Result "1-0"]
[Round "10"]
[TimeControl "180+1"]
[Date "2022.10.12"]
[WhiteClock "0:00:03"]
[BlackClock "0:00:07"]

1. e4 c5 2. c3 Nf6 3. e5 Nd5 4. d4 cxd4 5. Nf3 Nc6 6. cxd4 d6 7. Bc4 Nb6 8. Bb5 dxe5 9. Nxe5 Bd7 10. Nxd7 Qxd7 11. O-O e6 12. Be3 Be7 13. Nc3 O-O 14. Qg4 Bf6 15. Rfd1 g6 16. Ne4 Bg7 17. Nc5 Qd5 18. Rac1 Rfd8 19. Nxb7 Qxb5 20. Nxd8 Rxd8 21. b3 Nb4 22. Qh4 Qd7 23. a4 a5 24. Bg5 Rc8 25. Rxc8+ Qxc8 26. h3 Qd7 27. Bf6 N6d5 28. Bxg7 Kxg7 29. Rc1 Qb7 30. Rc5 Nd3 31. Rxa5 Qxb3 32. Ra8 Qd1+ 33. Kh2 Qe2 34. Qd8 Qxf2 35. Qf8+ Kf6 36. Qd8+ Kf5 37. Qf8 Kg5 38. Qd8+ f6 39. Qd6 N5f4 40. Qc6 Ne1 41. Qe4 Nexg2 42. Ra5+ f5 43. Qf3 Nh4+ 44. Qxf2 Nd3 45. Qg3+ Kf6 46. Qxd3 Ke7 47. d5 Kf6 48. Ra6 f4 49. Qd4+ Kg5 50. d6 Nf3+ 51. Kg2 Nxd4 52. d7 Nc6 53. Rxc6 e5 54. d8=Q+ Kf5 55. Kf3 e4+ 56. Kf2 f3 57. Kf1 e3 58. Qf8+ Ke4 59. Rc4+ Kd3 60. Qc5 e2+ 61. Kf2 Kd2 62. Qd4# 1-0


[Site "https://www.chess.com"]

[Event "Titled Tuesday Blitz October 11 Early 2022"]
[White "Ovchinnikov, Vsevolod"]
[Black "Koziorowicz, Michal"]
[WhiteFideId "24176842"]
[BlackFideId "21809194"]
[WhiteElo "2376"]
[BlackElo "2220"]
[Result "1-0"]
[Round "10"]
[TimeControl "180+1"]
[Date "2022.10.12"]
[WhiteClock "0:00:02"]
[BlackClock "0:00:14"]

1. d4 b5 2. e4 Bb7 3. Nd2 a6 4. Bd3 e6 5. Ngf3 c5 6. c3 Nf6 7. O-O Be7 8. Re1 O-O 9. Nf1 d6 10. Ng3 Nc6 11. e5 Nd5 12. Qe2 cxd4 13. cxd4 dxe5 14. dxe5 Ndb4 15. Be4 Na5 16. Bb1 Rc8 17. Bf4 Nd5 18. Bd2 Nc4 19. Qe4 g6 20. Bh6 Re8 21. Qe2 Qb6 22. Bd3 a5 23. Rac1 Ba6 24. h4 a4 25. h5 a3 26. b3 Nb2 27. hxg6 hxg6 28. Ne4 Red8 29. Rxc8 Rxc8 30. Bg5 Bb4 31. Rc1 Rxc1+ 32. Bxc1 Nxd3 33. Qxd3 Qc6 34. Bg5 Bf8 35. Bd2 b4 36. Qb1 Nc3 37. Bxc3 bxc3 38. Nd4 Bb4 39. Nxc6 1-0


[Site "https://www.chess.com"]

[Event "Titled Tuesday Blitz October 11 Early 2022"]
[White "Ozen, Bahadir"]
[Black "Winterberg, Lukas"]
[WhiteFideId "6337058"]
[BlackFideId "24622702"]
[WhiteElo "2503"]
[BlackElo "2349"]
[Result "1-0"]
[Round "10"]
[TimeControl "180+1"]
[Date "2022.10.12"]
[WhiteClock "0:00:49"]
[BlackClock "0:00:07"]

1. g3 h5 2. Nf3 e6 3. Bg2 Be7 4. h3 h4 5. g4 d5 6. c4 dxc4 7. Qa4+ Nd7 8. Qxc4 Ngf6 9. Nc3 c5 10. O-O a6 11. a4 b5 12. Qa2 Bb7 13. d3 b4 14. Nd1 O-O 15. Ne3 Nd5 16. Nc4 N7b6 17. Na5 Rb8 18. Nxb7 Rxb7 19. a5 Nd7 20. e4 Nc7 21. Be3 Rb5 22. Rfd1 Bf6 23. d4 cxd4 24. Nxd4 Bxd4 25. Rxd4 Qe7 26. Rad1 Ne5 27. f4 b3 28. Qb1 Ng6 29. Rd7 Qb4 30. Rxc7 Qxa5 31. Qc1 e5 32. fxe5 Nxe5 33. Rc8 Rxc8 34. Qxc8+ Kh7 35. Qf5+ g6 36. Qf4 Qc7 37. Qh6+ Kg8 38. Qxh4 Rb8 39. Kh1 Nc4 40. Bd4 1-0


[Site "https://www.chess.com"]

[Event "Titled Tuesday Blitz October 11 Early 2022"]
[White "Papasimakopoulos, Alexandros"]
[Black "Chigaev, Maksim"]
[WhiteFideId "4244125"]
[BlackFideId "4108116"]
[WhiteElo "2357"]
[BlackElo "2537"]
[Result "1-0"]
[Round "10"]
[TimeControl "180+1"]
[Date "2022.10.11"]
[WhiteClock "0:01:28"]
[BlackClock "0:00:39"]

1. d4 d5 2. c4 e6 3. Nc3 Nf6 4. cxd5 exd5 5. Bg5 c6 6. e3 h6 7. Bh4 Be7 8. Bd3 O-O 9. Qc2 Re8 10. Nf3 Ne4 11. Bxe7 Qxe7 12. Bxe4 dxe4 13. Nd2 f5 14. Nc4 Be6 15. Ne5 Nd7 16. Nxd7 Qxd7 17. Ne2 Bf7 18. O-O a5 19. b3 Qd6 20. Rab1 Bd5 21. Nf4 Bf7 22. Rfc1 g5 23. Ne2 Kh7 24. Qc5 Qxc5 25. Rxc5 Bd5 26. Nc3 b6 27. Nxd5 cxd5 28. Rxd5 f4 29. Rd7+ Kg6 30. Rd6+ Kh5 31. Rc1 Rec8 32. Rcc6 Rxc6 33. Rxc6 f3 34. h3 fxg2 35. Kxg2 a4 36. Rxb6 1-0


[Site "https://www.chess.com"]

[Event "Titled Tuesday Blitz October 11 Early 2022"]
[White "Parpiev, Isaak"]
[Black "Kalajzic, Ivan"]
[WhiteFideId "34281576"]
[BlackFideId "14506378"]
[WhiteElo "2100"]
[BlackElo "2163"]
[Result "1-0"]
[Round "10"]
[TimeControl "180+1"]
[Date "2022.10.12"]
[WhiteClock "0:01:24"]
[BlackClock "0:01:23"]

1. d4 Nc6 2. c4 e5 3. d5 Nce7 4. Nc3 Nf6 5. e4 Ng6 6. Be3 Bb4 7. f3 Qe7 8. Qd2 Bc5 9. Bxc5 Qxc5 10. Nb5 d6 11. b4 Qb6 12. c5 dxc5 13. bxc5 Qxc5 14. Rc1 Qxc1+ 15. Qxc1 O-O 16. Nxc7 Rb8 17. Bb5 Bd7 18. Bxd7 Nxd7 19. Nb5 Rfc8 20. Qd2 a6 21. Nc3 Rc4 22. Nge2 Rbc8 23. O-O b5 24. a3 Nc5 25. d6 Nb3 26. Qd5 Nd4 27. d7 Rd8 28. f4 exf4 29. Nxd4 Rxc3 30. Nc6 Rxc6 31. Qxc6 Ne5 32. Qc7 Rxd7 33. Qc8+ 1-0


[Site "https://www.chess.com"]

[Event "Titled Tuesday Blitz October 11 Early 2022"]
[White "Piesik, Piotr"]
[Black "Migot, Tangi"]
[WhiteFideId "1136194"]
[BlackFideId "662445"]
[WhiteElo "2323"]
[BlackElo "2512"]
[Result "1-0"]
[Round "10"]
[TimeControl "180+1"]
[Date "2022.10.12"]
[WhiteClock "0:00:28"]
[BlackClock "0:00:17"]

1. Nf3 d5 2. g3 g6 3. Bg2 Bg7 4. d4 c6 5. O-O Nf6 6. c4 O-O 7. Nc3 dxc4 8. a4 Nd5 9. a5 Nxc3 10. bxc3 Be6 11. Qa4 Bd5 12. Re1 Nd7 13. e4 Be6 14. Ng5 Bg4 15. Qxc4 h6 16. Nf3 c5 17. Be3 cxd4 18. cxd4 Rc8 19. Qb5 Nf6 20. Ne5 Bd7 21. Qxb7 Rc7 22. Qa6 Qc8 23. Qxc8 Rfxc8 24. Rec1 e6 25. Rxc7 Rxc7 26. Rc1 Rxc1+ 27. Bxc1 Bb5 28. f4 Bf8 29. Bd2 h5 30. h3 Ba6 31. Kf2 Bb5 32. Ke3 Be7 33. Bf3 Kf8 34. g4 hxg4 35. hxg4 Ke8 36. g5 Nd7 37. Ng4 Nb8 38. Ne5 Nc6 39. Nxc6 Bxc6 40. Be2 Kd7 41. Bc4 f5 42. gxf6 Bxf6 43. Kd3 Bd8 44. a6 Be7 45. Be3 Kc7 46. d5 exd5 47. exd5 Bd7 48. Bxa7 Bf5+ 49. Ke3 g5 50. Bd4 gxf4+ 51. Kxf4 Bc8 52. Bb5 Kd6 53. Ke4 Kc7 54. a7 Bb7 55. Bc6 Bd6 56. a8=Q Bxa8 57. Bxa8 Kd7 58. Bc6+ Kc7 59. Be5 1-0


[Site "https://www.chess.com"]

[Event "Titled Tuesday Blitz October 11 Early 2022"]
[White "Podetti, Davide"]
[Black "Torres Boch, Jose Francisco"]
[WhiteFideId "893617"]
[BlackFideId "2278383"]
[WhiteElo "2160"]
[BlackElo "2073"]
[Result "1-0"]
[Round "10"]
[TimeControl "180+1"]
[Date "2022.10.12"]
[WhiteClock "0:01:30"]
[BlackClock "0:01:07"]

1. e4 e5 2. Nf3 Nc6 3. Bb5 a6 4. Ba4 Nf6 5. O-O Be7 6. Re1 b5 7. Bb3 d6 8. a4 b4 9. c3 a5 10. d4 exd4 11. cxd4 O-O 12. Nbd2 Bg4 13. h3 Bh5 14. Qc2 d5 15. Qxc6 dxe4 16. Nxe4 Bxf3 17. Nxf6+ Bxf6 18. Qxf3 Qxd4 19. Re2 Rae8 20. Be3 Qd3 21. Bc2 Qc4 22. b3 Qxe2 23. Qxe2 Bxa1 24. Bd3 Re7 25. Bc4 Rfe8 26. Qf3 Be5 27. Bc5 Bd6 28. Bxd6 cxd6 29. Qd5 Rd8 30. Qxa5 Red7 31. Qxb4 d5 32. Bd3 d4 33. a5 Rc7 34. a6 Rc3 35. a7 1-0


[Site "https://www.chess.com"]

[Event "Titled Tuesday Blitz October 11 Early 2022"]
[White "Reprintsev, Alexander"]
[Black "Aguilar, Juan"]
[WhiteFideId "14100541"]
[BlackFideId "3800091"]
[WhiteElo "2230"]
[BlackElo "2390"]
[Result "1-0"]
[Round "10"]
[TimeControl "180+1"]
[Date "2022.10.12"]
[WhiteClock "0:00:15"]
[BlackClock "0:00:01"]

1. e4 c5 2. b3 d5 3. exd5 Qxd5 4. Nc3 Qd8 5. Bb2 Nf6 6. Qe2 Nc6 7. O-O-O Bg4 8. f3 Bf5 9. g4 Nd4 10. gxf5 Nxe2+ 11. Ngxe2 g6 12. Ng3 Bg7 13. Bb5+ Kf8 14. f4 a6 15. Bd3 b5 16. h4 b4 17. Na4 Nd7 18. Bxg7+ Kxg7 19. fxg6 hxg6 20. f5 Qc7 21. Rdg1 Qe5 22. Nb2 Nf6 23. fxg6 fxg6 24. Kb1 Rad8 25. Nc4 Qf4 26. Bxg6 Kf8 27. h5 a5 28. Ne2 Qc7 29. Rf1 a4 30. Nf4 Rd6 31. Nxd6 Qxd6 32. Bd3 a3 33. Ng6+ Kg7 34. Nh4 e6 35. Rhg1+ Kf7 36. Bg6+ Ke7 37. Re1 Qd4 38. Nf5+ Kd7 39. Nxd4 cxd4 40. Rgf1 Nd5 41. Rf7+ Kd6 42. Ra7 d3 43. Ra6+ Kc5 44. Bxd3 Rxh5 45. Raxe6 1-0


[Site "https://www.chess.com"]

[Event "Titled Tuesday Blitz October 11 Early 2022"]
[White "Rodriguez Santiago, Jaime"]
[Black "Lauridsen, Jesper Morch"]
[WhiteFideId "3100898"]
[BlackFideId "1401890"]
[WhiteElo "2025"]
[BlackElo "2185"]
[Result "1-0"]
[Round "10"]
[TimeControl "180+1"]
[Date "2022.10.12"]
[WhiteClock "0:00:44"]
[BlackClock "0:00:11"]

1. c4 c5 2. Nc3 b6 3. e4 e6 4. d3 Bb7 5. Nge2 Nc6 6. g3 h5 7. h3 g5 8. Bg2 Bg7 9. Be3 h4 10. g4 Nd4 11. Qd2 Nxe2 12. Nxe2 Bf6 13. f4 gxf4 14. Nxf4 Ne7 15. O-O Qc7 16. Nh5 Be5 17. Qf2 O-O-O 18. Qxf7 Nc6 19. Bg5 Rde8 20. Bxh4 Bxb2 21. Rab1 Ne5 22. Qg7 Nf3+ 23. Rxf3 Bxg7 24. Nxg7 Ref8 25. Bg3 Qd8 26. Rbf1 Rxf3 27. Rxf3 Rf8 28. Nh5 Rxf3 29. Bxf3 Qg5 30. Bf4 Qg8 31. Kf2 d5 32. exd5 exd5 33. Nf6 Qf7 34. g5 dxc4 35. Bg4+ Kd8 36. dxc4 Qxc4 37. Kg3 Qd3+ 38. Kh4 c4 39. Bh5 c3 40. g6 Qd4 41. Kg5 Bd5 42. g7 Qg1+ 43. Bg4 Bxa2 44. h4 c2 45. h5 c1=Q 46. Bxc1 Qxc1+ 47. Kg6 Qf4 48. h6 Bb1+ 49. Kf7 Qc4+ 50. Be6 Bg6+ 51. Kxg6 Qxe6 52. g8=Q+ Qxg8+ 53. Nxg8 b5 54. h7 b4 55. h8=Q 1-0


[Site "https://www.chess.com"]

[Event "Titled Tuesday Blitz October 11 Early 2022"]
[White "Salman, Pavel"]
[Black "Korchmar, Vasiliy"]
[WhiteFideId "24153753"]
[BlackFideId "24131750"]
[WhiteElo "2187"]
[BlackElo "2370"]
[Result "0-1"]
[Round "10"]
[TimeControl "180+1"]
[Date "2022.10.12"]
[WhiteClock "0:00:02"]
[BlackClock "0:01:43"]

1. Nf3 Nf6 2. g3 b6 3. Bg2 Bb7 4. O-O e6 5. d3 Be7 6. Nbd2 O-O 7. e4 d5 8. e5 Nfd7 9. Re1 c5 10. h4 Nc6 11. Nf1 f6 12. exf6 Bxf6 13. Rxe6 Nde5 14. Nxe5 Bxe5 15. Qe1 Bd4 16. Ne3 Nb4 17. Qe2 Bc8 18. c3 Bxe6 19. cxd4 cxd4 20. Ng4 Bxg4 21. Qxg4 Nxd3 22. Bg5 Qd6 23. Rf1 Rae8 24. h5 h6 25. Bd2 Kh8 26. a3 a5 27. f4 Nxb2 28. Qf3 Nc4 29. Bc1 Ne3 30. Rf2 Nxg2 31. Kxg2 Re4 32. Bb2 Rfe8 33. Qg4 Qe6 34. Qd1 Re2 35. Qxd4 Qe4+ 36. Kh3 Qxd4 37. Rxe2 Rxe2 38. Bxd4 b5 39. Kg4 b4 40. axb4 axb4 41. Kf5 b3 42. Kg6 b2 43. Bxg7+ Kg8 44. Bxb2 Rxb2 45. g4 d4 46. f5 d3 47. f6 d2 48. Kxh6 Kf8 49. g5 d1=Q 50. Kh7 Qd2 51. g6 Qg2 52. h6 Rb6 53. f7 Qxg6+ 54. Kh8 Qxh6# 0-1


[Site "https://www.chess.com"]